 Dungeon Crawl Stone Soup version 0.29-a0-648-g6b26cc9f40 (webtiles) character file.

Game seed: 1633918847993677172

184 omnomnOMINOUS the Ducker (level 5, -5/32 HPs)
             Began as an Octopode Wanderer on June 20, 2022.
             Was a Follower of Hepliaklqana.
             Slain by Grinder (8 damage)
             ... on level 3 of the Dungeon.
             The game lasted 00:07:46 (2891 turns).

omnomnOMINOUS the Ducker (Octopode Wanderer)        Turns: 2891, Time: 00:07:47

Health: -5/32      AC:  5    Str:  8    XL:     5   Next: 64%
Magic:  8/8        EV: 13    Int: 19    God:    Hepliaklqana [*.....]
Gold:   149        SH:  0    Dex: 12    Spells: 5/8 levels left

rFire   . . .      SeeInvis .   a - +3 mace
rCold   . . .      Faith    .   (no shield)
rNeg    . . .      Spirit   .   c - +0 hat
rPois   .          Reflect  .   (no amulet)
rElec   .          Harm     .   l - +4 ring of protection
rCorr   .          Rampage  .   (no ring)
Will    .....                   (no ring)
Stlth   ++........              (no ring)
HPRegen 0.10/turn               (no ring)
MPRegen 0.11/turn               (no ring)
                                (no ring)
                                (no ring)

@: no status effects
A: reduced essence, almost no armour, amphibious, 8 rings, camouflage 1,
gelatinous body 1, (nimble swimmer 1), tentacles
a: Renounce Religion, Recall Ancestor, Ancestor Identity


You were on level 3 of the Dungeon.
You worshipped Hepliaklqana.
Hepliaklqana was aware of your devotion.
You visited 1 branch of the dungeon, and saw 3 of its levels.

You collected 149 gold pieces.

Inventory:

Hand Weapons
 a - a +3 mace (weapon)
 b - a +0 trident
Armour
 c - a +0 hat (worn)
Jewellery
 l - a +4 ring of protection (left tentacle)
Scrolls
 f - a scroll of fear {unknown}
 i - a scroll of blinking {unknown}
 k - 3 scrolls of silence {unknown}
 m - a scroll of poison {unknown}
 n - a scroll of brand weapon {unknown}
 o - 2 scrolls of teleportation
 p - 2 scrolls of vulnerability {unknown}
 t - a scroll of summoning {unknown}
 u - 2 scrolls of immolation {unknown}
 v - a scroll of amnesia {unknown}
 w - a scroll of identify {unknown}
 x - a scroll of torment {unknown}
Potions
 d - 2 potions of attraction {unknown}
 e - 2 potions of ambrosia
 g - a potion of curing {unknown}
 h - a potion of invisibility {unknown}
 j - a potion of might {unknown}
 q - 2 potions of heal wounds {unknown}
 r - a potion of flight {unknown}
 z - a potion of mutation {unknown}


   Skills:
 + Level 3.0 Fighting
 + Level 3.3 Dodging
 - Level 2.0 Spellcasting
 + Level 3.0 Conjurations
 + Level 3.0 Fire Magic
 - Level 1.0 Air Magic
 - Level 1.1 Evocations


You had 5 spell levels left.
You knew the following spells:

 Your Spells              Type           Power      Damage    Failure   Level
a - Foxfire               Conj/Fire      52%        2x1d6     4%          1
b - Scorch                Fire           26%        2d6       8%          2

Your spell library contained the following spells:

 Spells                   Type           Power      Damage    Failure   Level
 Shock                    Conj/Air       36%        1d5       8%          1
 Conjure Flame            Conj/Fire      13%        6-21      14%         3
 Swiftness                Air            5%         N/A       32%         3


Dungeon Overview and Level Annotations

Branches:
Dungeon (3/15)

Altars:
Hepliaklqana
Yredelemnul

Annotations:
D:3 Grinder


Innate Abilities, Weirdness & Mutations

Your life essence is reduced to manifest your ancestor. (-10% HP)
You cannot wear most types of armour.
You are amphibious.
You can wear up to eight rings at the same time.
Your skin changes colour to match your surroundings (Stealth+).
Your rubbery body absorbs attacks. (AC +1, EV +1)
((You are camouflaged when in or above water. (Stealth+)))
You have tentacles for arms and can constrict up to eight enemies at once.


Message History

Omcestor is destroyed!
Throw: throwing net
Press: ? - help, Q - select action, (/) - cycle Shift-Dir - straight line, f/p - Grinder
Aim: Grinder (heavily wounded, unaware, more vulnerable to fire, hasn't noticed you, 53% to hit)
You throw a throwing net. The throwing net hits Grinder.
Grinder is caught in the net!
Grinder is heavily wounded.
Grinder struggles against the net.
Grinder blinks!
Grinder is no longer more vulnerable to fire.
Grinder hits you!
You writhe in agony.
You closely miss Grinder. Your grab misses Grinder.
Grinder is heavily wounded.
Grinder gestures at you. Pain shoots through your body!
Grinder gestures at you. Pain shoots through your body!
* * * LOW HITPOINT WARNING * * *
Your magical contamination has completely faded away.
It was a potion of ambrosia.
You are confused.
You feel invigorated. Grinder gestures at you. Pain shoots through your body!
* * * LOW HITPOINT WARNING * * *
Unknown command.
Grinder closely misses you.
You bump into the rock wall.
Grinder hits you but does no damage.
You feel less invigorated.
You feel less confused. Grinder hits you.
You writhe in agony.
You see here a +0 dagger.
You barely miss Grinder. Your grab misses Grinder.
Grinder is heavily wounded.
Grinder hits you!
* * * LOW HITPOINT WARNING * * *
You hit Grinder but do no damage. Your grab misses Grinder.
Grinder is heavily wounded.
Grinder hits you!
You die...

###.## ## ## ### #.#
#. .?# #.# #.. #.#
##'## #.. #.# ##...##
#..##(# ##.....##
#...#.# ##.......##
#.....###.........###
#...@...'.........'..
#...5.###.........###
#^#$### ##.......##
#.## ##.....#####
####.#### ##...## #..
#.......# ##'## #>#
#.##.##.# #.# #.#
#.##.##.## #.# #.#
#.##.....# ##.#####.#


You could see Grinder.

Vanquished Creatures
  A phantom (D:3)
  Terence (D:3)
  3 adders
  A dart slug (D:3)
  4 ball pythons
  4 endoplasms
  4 giant cockroaches
  7 goblins
  8 hobgoblins
  4 quokkas
  4 bats
  3 frilled lizards
  5 kobolds
  5 rats
54 creatures vanquished.

Vanquished Creatures (collateral kills)
  A goblin (D:3)
  A frilled lizard (D:3)
2 creatures vanquished.

Vanquished Creatures (others)
  An ancestor (D:3)
  17 foxfires
18 creatures vanquished.

Grand Total: 74 creatures vanquished

Notes
Turn   | Place    | Note
-------+----------+-------------------------------------------
     0 | D:1      | omnomnOMINOUS the Octopode Wanderer began the quest for the
                  | Orb.
     0 | D:1      | omnomnOMINOUS set off with the following items: a +0
                  | dagger, a scroll of teleportation, a +0 hat; and the
                  | following spells available to memorise: Scorch, Foxfire,
                  | Shock, Conjure Flame, Swiftness.
     0 | D:1      | Reached XP level 1. HP: 13/13 MP: 3/3
     2 | D:1      | Learned a level 1 spell: Foxfire
   338 | D:1      | Reached skill level 1 in Conjurations
   338 | D:1      | Reached XP level 2. HP: 17/18 MP: 5/5
   361 | D:1      | Learned a level 2 spell: Scorch
  1005 | D:1      | Reached XP level 3. HP: 23/23 MP: 6/6
  1436 | D:2      | Found Wustus's Antique Armour Shoppe.
  1441 | D:2      | Found a hazy altar of Hepliaklqana.
  1506 | D:2      | Became a worshipper of Hepliaklqana the Forgotten
  1653 | D:2      | Found a faded altar of an unknown god.
  2165 | D:3      | Noticed Terence
  2173 | D:3      | Killed Terence
  2174 | D:3      | Reached XP level 4. HP: 17/29 MP: 1/7
  2176 | D:3      | Found a basalt altar of Yredelemnul.
  2463 | D:3      | Noticed a phantom
  2467 | D:3      | Killed a phantom
  2468 | D:3      | Reached XP level 5. HP: 36/36 MP: 3/8
  2723 | D:3      | Reached * piety under Hepliaklqana
  2868 | D:3      | Noticed Grinder
  2869 | D:3      | Paralysed by Grinder for 3 turns
  2891 | D:3      | Slain by Grinder

Illustrated notes

Levels and vault maps discovered:
D:1:      wander_arrival_peaceful_grave, layout_loops_ring
D:2:      layout_basic, hellmonk_ecumenical_altar_pennies_from_heaven,
          basic_altar, serial_shops, shop, roderic_serpentine_path,
          palyth_stone_intersect, minmay_goblin_outpost
D:3:      layout_loops_corners, mainiacjoe_overflow_alcove_1, uniq_grinder,
          uniq_terence

Skill      XL: |  1  2  3  4  5 |
---------------+----------------+-----
Conjurations   | 1 2 3 |  3.0
Fighting       | 2 3 |  3.0
Dodging        | 3 |  3.3
Spellcasting   | |  2.0
Fire Magic     | |  3.0
Air Magic      | |  1.0
Evocations     | |  1.1

Action                   |  1- 3 |  4- 6 || total
-------------------------+-------+-------++-------
Melee: Dagger            |    55 |       ||    55
       Tentacles         |    18 |     4 ||    22
       Constrict         |    18 |     8 ||    26
       Punch             |     1 |     2 ||     3
       Mace              |    10 |    26 ||    36
       Trident           |     9 |       ||     9
Throw: Throwing net      |       |     1 ||     1
 Cast: Foxfire           |     9 |     1 ||    10
       Scorch            |     6 |     6 ||    12
Invok: Ancestor Identity |       |     1 ||     1
  Use: Potion            |       |     1 ||     1
 Stab: Sleeping          |    10 |     1 ||    11
Armor: Skin              |    13 |     5 ||    18
Dodge: Dodged            |    42 |    20 ||    62

Table legend: (Time is in decaauts)
 A = Elapsed time spent in this place.
 B = Non-inter-level travel time spent in this place.
 C = Inter-level travel time spent in this place.
 D = Time resting spent in this place.
 E = Time spent auto-exploring this place.
 F = Levels seen in this place.
 G = Mean time per level.
                   A        B        C        D        E       F      G
               +--------+--------+--------+--------+--------+-----+--------+
         Total |   2905 |   2859 |     46 |    231 |   2132 |   3 |  968.3 |
       Dungeon |   2905 |   2859 |     46 |    231 |   2132 |   3 |  968.3 |
               +--------+--------+--------+--------+--------+-----+--------+

Top non-repeatable levels by time:
     D:2: 1098 daAuts
     D:1: 1026 daAuts
     D:3: 780 daAuts
